Map: Catalyst LE

Players

LiquidMaNa (MaNa)

  • Race: Protoss Protoss
  • League: Grandmaster
  • Spawn Location: 11:00

Bunny - Winner!

  • Race: Terran Terran
  • League: Diamond
  • Spawn Location: 5:00

Event: HomeStory Cup XVII

VOD

Have the link to the VOD?

Description

Time

  • Played on: June 28, 2018, 7:48 p.m.
  • Length: 14:01

All games in this series

Show
View Real Time Build Order
Export as new Build Order

LiquidMaNa Protoss 

Build Orders: Oracle Opening 

Get SALT Encoding   

  12  0:00  Probe  
  13  0:12  Probe  
  14  0:18  Pylon  
  14  0:24  Probe  
  15  0:32  Probe  
  15  0:39  Gateway  
  15  0:40  Probe  
  16  0:47  Assimilator  
  17  0:50  Probe  
  18  0:58  Probe  
  19  1:05  Pylon  
  19  1:06  Probe  
  20  1:17  Probe  
  21  1:25  Zealot  
  21  1:27  Cybernetics Core  
  23  1:51  Nexus  
  23  1:54  Stalker  
  23  1:57  Assimilator  
  25  2:08  Warp Gate  
  25  2:10  Probe  
  26  2:22  Probe  
  27  2:23  Stalker  
  29  2:34  Probe  
  30  2:46  Probe  
  30  2:48  Stargate  
  31  2:59  Probe  
  31  3:02  Probe, Stalker  
  35  3:07  Probe  
  36  3:14  Probe  
  36  3:17  Probe  
  38  3:24  Oracle  
  38  3:27  Probe  
  39  3:30  Probe  
  38  3:39  Probe  
  38  3:40  Gateway  
  38  3:41  Gateway  
  42  3:42  Probe  
  43  3:54  Probe, Pylon  
  44  4:00  Probe  
  45  4:06  Probe  
  46  4:12  Oracle  
  46  4:14  Pylon  
  49  4:19  Probe  
  49  4:26  Nexus  
  46  4:31  Probe x2  
  48  4:39  Twilight Council  
  48  4:41  Assimilator  
  48  4:42  Forge  
  48  4:43  Probe x2  
  50  4:46  Blink  
  50  4:48  Assimilator, Stalker  
  52  4:55  Probe, Stalker x2  
  52  4:57  Probe  
  58  5:00  Protoss Ground Weapons Level 1  
  58  5:03  Pylon  
  58  5:07  Probe  
  58  5:13  Pylon  
  58  5:14  Shield Battery  
  59  5:21  Probe  
  59  5:26  Probe  
  59  5:27  Pylon  
  59  5:28  Sentry  
  62  5:29  Probe  
  62  5:35  Probe  
  64  5:37  Probe  
  64  5:39  Probe  
  64  5:42  Pylon  
  67  5:44  Sentry  
  67  5:48  Probe  
  67  5:49  Probe, Stalker  
  71  5:52  Probe  
  74  6:00  Probe  
  74  6:01  Probe  
  74  6:02  Shield Battery  
  76  6:04  Probe  
  77  6:12  Probe  
  77  6:15  Gateway x2  
  77  6:17  Gateway, Probe x2  
  80  6:25  Probe, Stalker x2  
  85  6:33  Pylon  
  85  6:34  Sentry  
  85  6:35  Probe  
  85  6:36  Probe, Pylon  
  85  6:37  Assimilator  
  89  6:43  Pylon  
  89  6:50  Photon Cannon  
  89  6:54  Templar Archives  
  89  7:00  Stalker  
  89  7:01  Stalker x2  
  95  7:02  Charge  
  93  7:17  Protoss Ground Armor Level 1  
  90  7:24  Stalker x3  
  90  7:29  Probe  
  93  7:35  Probe  
  88  7:40  Probe  
  88  7:42  Zealot x2  
  88  7:43  Probe, Zealot  
  92  7:47  Zealot  
  92  7:48  Zealot x2  
  92  7:50  Psionic Storm  
  98  7:54  Probe x2  
  100  7:59  Robotics Facility  
  100  8:07  Zealot x2  
  104  8:14  Pylon  
  101  8:22  Pylon  
  101  8:23  High Templar  
  101  8:24  Probe  
  101  8:27  High Templar  
  106  8:28  Zealot x2  
  106  8:32  Archon  
  101  8:36  Probe x2  
  101  8:39  Probe  
  95  8:48  Probe x2, Zealot x2  
  95  8:51  Probe  
  97  8:58  High Templar x2, Zealot  
  97  9:00  Probe x2  
  105  9:03  Probe  
  105  9:07  Zealot  
  108  9:12  Probe x2  
  108  9:15  Probe  
  109  9:19  Zealot x3  
  107  9:27  Immortal, Zealot  
  103  9:31  Zealot x2  
  102  9:40  Stalker x3  
  104  9:49  Zealot  
  104  9:52  High Templar x2  
  97  9:58  Immortal  
  97  9:59  Zealot x2  
  100  10:09  Zealot  
  100  10:12  Nexus, Sentry  
  102  10:23  Stalker x2  
  102  10:27  Pylon  
  106  10:31  Pylon  
  106  10:42  Pylon  
  106  10:45  Observer  
  106  10:46  Stalker  
  106  10:47  Stalker  
  110  10:50  Zealot x3, Pylon  
  102  11:05  Stalker  
  102  11:11  Immortal, Zealot x4  
  92  11:22  Shield Battery  
  96  11:28  Zealot x2  
  96  11:32  High Templar x2, Zealot  
  104  11:35  Stalker  
  104  11:36  Archon  
  97  11:49  Zealot  
  97  11:50  Immortal, Zealot  
  99  11:59  Zealot x2  
  91  12:11  Stalker x4  
  90  12:24  Zealot x2  
  90  12:29  Immortal  
  86  12:38  Zealot x4  
  86  12:47  Stalker x2  
  82  12:57  Stalker  
  78  12:59  Stalker x3  
  78  13:05  Observer, Zealot x2  
  88  13:11  Shield Battery  
  85  13:20  Zealot  
  85  13:22  Zealot  
  85  13:23  Zealot x2  
  89  13:28  High Templar x2  
  97  13:36  Probe x2  
  99  13:44  Zealot x3  
  93  13:56  Archon  
  93  13:57  Zealot  
Show
View Real Time Build Order
Export as new Build Order

Bunny Terran - Winner!

Build Orders: Cyclone Opening, MMM Bio 

Get SALT Encoding   

  12  0:00  SCV  
  13  0:12  SCV  
  14  0:17  Supply Depot  
  14  0:25  SCV  
  14  0:27  Refinery  
  15  0:39  SCV  
  16  0:44  Barracks  
  16  0:51  SCV  
  17  1:03  SCV  
  18  1:15  SCV  
  19  1:37  Orbital Command  
  20  1:46  Command Center  
  19  1:47  Marine  
  20  1:58  Factory  
  20  2:02  SCV  
  20  2:07  Barracks Reactor  
  21  2:11  Refinery  
  21  2:18  Supply Depot  
  21  2:20  SCV  
  22  2:32  SCV  
  23  2:43  Cyclone, Marine  
  26  2:46  SCV  
  27  2:56  Marine  
  27  3:01  Marine  
  27  3:07  SCV  
  28  3:14  Orbital Command  
  28  3:18  Widow Mine  
  30  3:20  SCV  
  30  3:24  Marine  
  32  3:27  Marine  
  32  3:33  SCV  
  34  3:39  Widow Mine  
  34  3:41  SCV  
  37  3:45  SCV  
  37  3:48  Starport  
  38  3:53  SCV  
  39  3:56  Marine  
  39  3:57  Marine, SCV  
  39  4:01  Widow Mine  
  44  4:05  Supply Depot, SCV  
  44  4:09  SCV  
  46  4:14  Bunker  
  46  4:21  Supply Depot  
  46  4:23  SCV  
  46  4:27  SCV  
  46  4:29  Marine x2  
  48  4:33  Medivac  
  48  4:35  SCV  
  51  4:39  SCV  
  51  4:43  Cyclone  
  51  4:45  Supply Depot  
  55  4:47  Marine x2  
  55  4:48  SCV  
  58  4:56  SCV  
  59  5:00  Barracks, SCV  
  60  5:07  Barracks  
  60  5:09  SCV  
  60  5:10  Engineering Bay  
  60  5:12  Barracks Tech Lab, SCV  
  60  5:13  Supply Depot  
  62  5:18  Starport Reactor, Factory Tech Lab  
  62  5:21  SCV  
  62  5:24  SCV  
  62  5:25  Refinery  
  64  5:30  Stimpack  
  64  5:34  SCV  
  66  5:36  Terran Infantry Weapons Level 1, SCV  
  66  5:42  Command Center  
  66  5:49  SCV x2  
  68  5:53  Factory Reactor  
  68  5:54  Marine x4  
  68  5:56  Medivac  
  74  5:59  Medivac  
  74  6:01  Refinery  
  76  6:05  SCV x2  
  76  6:08  Supply Depot  
  78  6:14  Combat Shields  
  78  6:20  Barracks x2  
  78  6:22  Supply Depot  
  78  6:30  Marine x2, Marauder x2, SCV x2  
  86  6:43  Medivac x2  
  86  6:45  Widow Mine, Supply Depot  
  86  6:46  Widow Mine  
  94  6:54  Marine x2, SCV x2  
  98  6:56  Orbital Command  
  102  7:01  Marauder x2  
  102  7:09  Barracks Reactor, Barracks Tech Lab  
  102  7:17  Marine x2  
  102  7:18  SCV x2  
  102  7:22  Widow Mine x2  
  108  7:25  Medivac x2  
  111  7:31  Marauder x2  
  111  7:32  Marauder  
  107  7:37  SCV  
  107  7:38  SCV  
  107  7:42  Marine x2  
  99  7:45  Widow Mine x2  
  99  7:46  Marine x2  
  99  7:51  Terran Infantry Armor Level 1  
  103  7:52  Marauder  
  103  7:53  Orbital Command, Marauder  
  103  7:54  Concussive Shells  
  103  7:55  Marauder  
  109  8:00  Marine x2  
  109  8:04  Marine  
  112  8:10  SCV x2  
  112  8:12  Liberator  
  114  8:14  Supply Depot, Marauder  
  114  8:15  Supply Depot, Marauder  
  114  8:17  Liberator  
  114  8:18  Marauder  
  114  8:19  Marine  
  113  8:20  Marine x2  
  113  8:22  Marine  
  113  8:26  SCV  
  114  8:27  SCV x2  
  115  8:36  Marauder, Marine  
  115  8:37  Marine x2  
  115  8:39  Marauder  
  122  8:41  SCV  
  122  8:42  SCV x2  
  112  8:49  Marine x2  
  112  8:51  Widow Mine x2  
  112  8:54  Marauder  
  120  8:57  Marauder  
  120  8:58  Marine x2  
  120  9:00  Missile Turret  
  120  9:01  Marauder  
  126  9:05  Supply Depot x2  
  126  9:06  Marine  
  126  9:07  Marine  
  128  9:16  Marauder, Marine x2  
  128  9:19  Medivac x2, Marauder  
  128  9:22  Marauder  
  128  9:24  Marine x2  
  128  9:25  Widow Mine  
  128  9:26  Widow Mine  
  127  9:34  Marine x2  
  127  9:37  Marine  
  128  9:40  Marine  
  128  9:42  Marine x2, SCV x3  
  128  9:43  Marauder  
  130  9:52  Marine x2  
  126  9:55  Marauder  
  126  9:57  Medivac x2  
  126  9:58  Marauder  
  129  10:00  Marine  
  129  10:01  SCV x3  
  129  10:02  Marine  
  129  10:05  Marauder  
  135  10:07  Widow Mine x2  
  135  10:09  Marine  
  136  10:14  Armory  
  136  10:16  Marine, Marauder  
  136  10:18  Marine  
  136  10:19  Marauder  
  142  10:26  Marauder, Marine  
  142  10:27  Marine  
  148  10:28  Widow Mine  
  148  10:32  Supply Depot  
  148  10:34  Supply Depot, Marine  
  149  10:37  Liberator x2  
  149  10:54  Marauder x2  
  149  10:55  Marauder  
  149  10:56  Widow Mine  
  146  11:04  Marine x2  
  146  11:07  Marine x2  
  146  11:09  Widow Mine  
  128  11:15  Marine x2  
  128  11:16  Marauder  
  128  11:17  Widow Mine  
  128  11:18  SCV x3  
  129  11:20  Liberator x2  
  129  11:22  Marine  
  129  11:24  Engineering Bay, Armory  
  129  11:25  Refinery  
  130  11:27  Marine  
  130  11:28  Marine x2  
  130  11:32  Terran Infantry Weapons Level 2  
  133  11:34  Marauder x2, Terran Ship Weapons Level 1  
  133  11:38  Marauder  
  145  11:40  Marine  
  145  11:45  Marine  
  145  11:46  Marine x2  
  137  11:51  Widow Mine x2  
  141  11:54  Marine x2  
  141  11:58  Marine  
  141  11:59  Marauder  
  139  12:03  Marine x2  
  139  12:04  Marine  
  131  12:13  Marauder x2  
  131  12:15  Widow Mine x2, Marine  
  133  12:20  Medivac x2  
  133  12:21  Marauder, Marine x2  
  137  12:25  Marine  
  134  12:33  Marine  
  134  12:34  Marauder x2  
  134  12:36  Widow Mine x2  
  132  12:38  Marine  
  132  12:39  Marine  
  132  12:41  Barracks  
  132  12:42  Marauder  
  132  12:43  Marine, Barracks  
  133  12:45  Barracks  
  128  12:51  Marine  
  128  12:52  Medivac  
  128  12:55  Marine  
  128  12:56  Marauder, Marine  
  128  12:57  Widow Mine, Medivac, Marine  
  128  12:58  Widow Mine  
  133  13:01  Marine  
  133  13:03  Marauder  
  131  13:09  Marine  
  131  13:12  Refinery  
  129  13:13  Marauder  
  129  13:14  Marine  
  129  13:15  Marine  
  129  13:17  Marauder  
  129  13:18  Marine  
  129  13:19  Widow Mine x2  
  135  13:22  Medivac  
  135  13:25  Marauder  
  135  13:27  Marine  
  139  13:28  Marine  
  139  13:32  Marine x2  
  143  13:35  Marauder  
  143  13:36  Marine x3  
  143  13:38  Marauder  
Tags
 
Add a new tag
Caveats
  • Supply blocks, unpowered buildings, or Contaminate may cause inaccurate times.
  • Supply counts are checked every 10 seconds.